 Dungeon Crawl Stone Soup version 0.31.0-7-gf635a9b802 (webtiles) character file.

Game seed: 3728653564613529841

205 solopath the Ruffian (level 5, -10/45 HPs)
             Began as a Troll Fighter on Jan 24, 2024.
             Was an Initiate of Ru.
             Mangled by a mummy (15 damage)
             ... in an ossuary.
             The game lasted 00:03:18 (2151 turns).

solopath the Ruffian (Troll Fighter)                Turns: 2151, Time: 00:03:18

Health: -10/45     AC:  4    Str: 20 (22) XL:     5   Next: 52%
Magic:  4/4        EV:  8    Int:  5 (6)  God:    Ru [......]
Gold:   90         SH:  7    Dex:  6 (9)  Spells: 4/4 levels left

rFire   . .          .
                       - Unarmed
rCold   . . .        b - +0 kite shield
rNeg    . . .        a - +0 robe
rPois   .            (helmet restricted)
rElec   .            (no cloak)
rCorr   .            (gloves unavailable)
SInv    .            (boots unavailable)
Will    .....        (no amulet)
Stlth   +            (no ring)
HPRegen 1.07/turn    (no ring)
MPRegen 0.09/turn

%: no passive effects
@: mighty, brilliant, on berserk cooldown, attractive, slowed, very slow
A: large, unfitting armour, claws 3, regeneration 1, shaggy fur 1, tough skin 1,
frail 1, passive freeze, weak 1, MP-powered wands
a: Renounce Religion


You were in an ossuary.
You worshipped Ru.
Ru was noncommittal.
You visited 1 branch of the dungeon, and saw 4 of its levels.
You also visited: Ossuary.

You collected 90 gold pieces.

Inventory:

Missiles
 l - 6 poisoned darts (quivered)
Armour
 a - a +0 robe (worn)
 b - a +0 kite shield (worn)
Scrolls
 i - a scroll of blinking {unknown}
 o - a scroll of teleportation {unknown}
 p - 3 scrolls of immolation {unknown}
 r - 2 scrolls of torment {unknown}
 s - a scroll of amnesia {unknown}
 t - 2 scrolls of identify {unknown}
 u - a scroll of enchant armour {unknown}
 v - a scroll of vulnerability {unknown}
 w - a scroll of fear {unknown}
Potions
 d - a potion of berserk rage
 k - 2 potions of degeneration
 n - 2 potions of attraction


   Skills:
 - Level 2.4 Fighting
 - Level 2.4 Dodging
 + Level 3.9 Shields
 * Level 4.9 Unarmed Combat


You had 4 spell levels left.
You didn't know any spells.
Your spell library contained the following spells:

 Spells                   Type           Power      Damage    Failure   Level
 Stone Arrow              Conj/Erth      0%         3d7       98%         3
 Animate Armour           Summ/Erth      0%         N/A       100%        4
 Lehudib's Crystal Spear  Conj/Erth      0%         10d2      100%        8


Dungeon Overview and Level Annotations

Branches:
Dungeon (4/15)            Ossuary (1/1)
 Temple: D:4-7

Altars:
Kikubaaqudgha
Ru
Wu Jian
Xom


Innate Abilities, Weirdness & Mutations

You are too large for most types of armour.
You have claws for hands.
Your natural rate of healing is unusually fast.
You are covered in fur. (AC +1)
You have tough skin. (AC +1)
You are frail. (-10% HP)
A frigid envelope surrounds you and freezes all who hurt you.
You are weak. (Str -2)
You expend magic power (3 MP) to strengthen your wands.


Message History

The kobold zombie is attracted toward you.
The mummy barely misses you.
The kobold zombie is attracted toward you.
The mummy is attracted toward you.
The kobold zombie is attracted toward you.
You claw the mummy!
The mummy is severely damaged.
You flicker back into view.
The kobold zombie is attracted toward you.
You feel very mighty all of a sudden.
The kobold zombie is attracted toward you.
Unknown command.
You claw the mummy!
The mummy is severely damaged.
The mummy hits you.
* * * LOW HITPOINT WARNING * * *
The mummy resists.
The mummy is very cold.
The mummy is lightly damaged.
You block the mummy's attack. The mummy completely misses you.
You claw the mummy!
You destroy the mummy!
You block the mummy's attack. The mummy closely misses you.
Unknown command.
You claw the mummy!
You destroy the mummy!
The mummy closely misses you. The mummy hits you.
* * * LOW HITPOINT WARNING * * *
Unknown command.
You scratch the mummy.
The mummy is lightly damaged.
The mummy hits you.
* * * LOW HITPOINT WARNING * * *
The mummy hits you.
* * * LOW HITPOINT WARNING * * *
The mummy resists.
The mummy is very cold.
The mummy is lightly damaged.
You mangle the mummy!!
You destroy the mummy!
The mummy hits you!
You die...

#....#
#....#
#....#
#....#
#....#
#....#
#....#
#MZ..#
#@∩∩.#
######


You could see a mummy and a kobold zombie.

Vanquished Creatures
  An orc priest (D:3)
  An orc wizard (D:3)
  6 mummies (Ossuary)
  2 adders (D:3)
  2 dart slugs (D:3)
  7 orcs (D:3)
  2 ball pythons
  4 bats
  4 endoplasms
  2 giant cockroaches
  2 gnoll zombies (Ossuary)
  7 goblins
  2 hobgoblins
  4 jackals
  3 kobolds (D:2)
  3 quokkas
  2 frilled lizards
  A hobgoblin zombie (Ossuary)
  2 kobold zombies (Ossuary)
  2 orc zombies (Ossuary)
  4 rats
63 creatures vanquished.

Notes
Turn   | Place    | Note
-------+----------+-------------------------------------------
     0 | D:1      | solopath the Troll Fighter began the quest for the Orb.
     0 | D:1      | Reached XP level 1. HP: 22/22 MP: 0/0
   566 | D:1      | Found a faded altar of an unknown god.
   573 | D:1      | Reached XP level 2. HP: 24/29 MP: 1/1
  1073 | D:2      | Reached skill level 3 in Unarmed Combat
  1210 | D:2      | Reached XP level 3. HP: 35/36 MP: 2/2
  1222 | D:2      | Found a sacrificial altar of Ru.
  1328 | D:2      | Became a worshipper of Ru the Awakened
  1532 | D:3      | Reached XP level 4. HP: 14/44 MP: 3/3
  1533 | D:3      | Reached skill level 4 in Unarmed Combat
  1636 | D:3      | Found a shimmering altar of Xom.
  1780 | D:3      | Found an ancient bone altar of Kikubaaqudgha.
  1805 | D:3      | Reached XP level 5. HP: 50/50 MP: 4/4
  1820 | D:3      | Found an ornate altar of the Wu Jian Council.
  2074 | D:4      | Found a sand-covered staircase.
  2079 | Ossuary  | Entered an ossuary
  2132 | Ossuary  | Gained mutation: A frigid envelope surrounds you and
                  | freezes all who hurt you. [potion of mutation]
  2132 | Ossuary  | Gained mutation: You are frail. (-10% HP) [potion of
                  | mutation]
  2132 | Ossuary  | Gained mutation: You are weak. (Str -2) [potion of
                  | mutation]
  2132 | Ossuary  | Gained mutation: You expend magic power (3 MP) to
                  | strengthen your wands. [potion of mutation]
  2151 | Ossuary  | Mangled by a mummy

Illustrated notes

Levels and vault maps discovered:
D:1:      lemuel_arrival_tunnels, layout_basic, dreamdust_ecumenical_altar_grove
D:2:      layout_rooms, basic_altar
D:3:      layout_loops_cross, nicolae_wu_jian_immortal_techniques,
          lemuel_round_altar, kiku_gazebo_pond_becter
D:4:      layout_loops_ring, lemuel_round_altar,
          nicolae_yredelemnul_corpse_copse, lemuel_doored_altar,
          minmay_temple_entry_slanted, nicolae_ossuary_entry_plus,
          hangedman_decor_lopped, kennysheep_big_empty_room
Ossuary:  ossuary_tomb_3

Skill      XL: |  1  2  3  4 |
---------------+-------------+-----
Shields        | 3 |  3.9
Unarmed Combat | 3 4 |  4.9
Fighting       | |  2.4
Dodging        | |  2.4

Action                     |  1- 3 |  4- 6 || total
---------------------------+-------+-------++-------
  Melee: Unarmed           |    88 |    80 ||   168
    Use: Potion            |       |     9 ||     9
         Scroll            |       |     2 ||     2
 Armour: Robe              |    54 |    58 ||   112
  Dodge: Dodged            |    36 |    29 ||    65
  Block: Kite shield       |    37 |    32 ||    69
